 Dungeon Crawl Stone Soup version 0.24.0-125-gc4c63601f3 (webtiles) character file.

Game seed: 16872788574188702282, levelgen mode: deterministic

9989 Mesmaeker13 the Grappler (level 11, -2/88 HPs)
             Began as a Troll Monk on Mar 9, 2020.
             Was an Elder of Wu Jian.
             Slain by a death scarab (16 damage)
             ... in a Gauntlet.
             The game lasted 00:20:01 (11848 turns).

Mesmaeker13 the Grappler (Troll Monk)              Turns: 11848, Time: 00:20:02

Health: -2/88      AC: 11    Str: 27    XL:     11   Next: 30%
Magic:  14/14      EV: 14    Int: 12    God:    Wu Jian [****..]
Gold:   814        SH:  6    Dex: 14    Spells: 10/10 levels left

rFire    + . .     SeeInvis .     - Unarmed
rCold    . . .     Gourm    +   (no shield)
rNeg     . . .     Faith    .   a - +0 robe
rPois    .         Spirit   .   P - +2 hat
rElec    .         Reflect  +   e - +2 cloak
rCorr    +         Harm     .   (gloves unavailable)
MR       .....     NoTele   +   (boots unavailable)
Stlth    ++........             p - +6 amulet of reflection
HPRegen  0.64/turn              v - ring of resist corrosion
MPRegen  0.14/turn              y - +6 ring of intelligence

@: mighty, very slightly contaminated, slowed, studying 2 skills, lightly
drained, invisible, very slow
A: large, unfitting armour, claws 3, fire resistance 1, fast metabolism 3, frail
2, gourmand, regeneration 1, screaming 1, shaggy fur 1, tough skin 3
a: Wall Jump, Serpent's Lash, Renounce Religion


You were in a Gauntlet.
You worshipped Wu Jian.
Wu Jian was greatly pleased with you.
You were full.

You visited 2 branches of the dungeon, and saw 12 of its levels.
You also visited: Bailey and Gauntlet.

You collected 814 gold pieces.

Inventory:

Hand Weapons
 H - the +2 long sword "Seceepus" {flame, rPois}
   (You found it on level 7 of the Dungeon)

   It has been specially enchanted to burn those struck by it, causing extra
   injury to most foes and up to half again as much damage against particularly
   susceptible opponents.
   Big, fiery blades are also staple armaments of hydra-hunters.
   It protects you from poison.
 M - a +0 giant club
 N - a +6 executioner's axe of chopping
Missiles
 d - 40 poisoned darts (quivered)
 G - 24 javelins
 L - 3 throwing nets
Armour
 a - a +0 robe (worn)
 e - a +2 cloak (worn)
 I - a +0 buckler
 P - a +2 hat (worn)
Jewellery
 p - a +6 amulet of reflection (around neck)
 v - a ring of resist corrosion (left claw)
 y - a +6 ring of intelligence (right claw)
Wands
 k - a wand of digging (6)
 w - a wand of scattershot (3)
 O - a wand of flame (20)
Scrolls
 g - 3 scrolls of enchant armour
 h - 7 scrolls of noise
 j - 6 scrolls of amnesia
 l - 2 scrolls of fog {unknown}
 m - 2 scrolls of enchant weapon {unknown}
 n - 6 scrolls of teleportation
 o - 3 scrolls of immolation {unknown}
 u - 5 scrolls of magic mapping {unknown}
 x - 5 scrolls of remove curse
 J - a scroll of blinking {unknown}
Potions
 c - 4 potions of haste
 f - a potion of resistance
 q - 6 potions of curing
 r - a potion of magic
 s - 2 potions of flight {unknown}
 t - a potion of invisibility
 A - a potion of agility
 C - a potion of lignification
 D - a potion of ambrosia {unknown}
 F - a potion of cancellation {unknown}
Books
 E - a manual of Staves
 K - a manual of Armour
Comestibles
 b - 28 rations


   Skills:
 + Level 7.8(7.6) Fighting
 + Level 5.1(4.9) Throwing
 + Level 7.8(7.6) Dodging
 - Level 1.0(0.8) Stealth
 + Level 9.3(9.1) Unarmed Combat
 + Level 5.5(5.3) Evocations


You had 10 spell levels left.
You didn't know any spells.
Your spell library contained the following spells:

 Spells                   Type           Power        Failure   Level  Hunger
 Animate Skeleton         Necr           N/A          32%         1    ##.....
 Apportation              Tloc           #.....       32%         1    ##.....
 Confusing Touch          Hex            #.....       32%         1    ##.....
 Summon Small Mammal      Summ           #...         32%         1    ##.....


Dungeon Overview and Level Annotations

Branches:
Dungeon (11/15)            Temple (1/1) D:6             Orc (0/2) D:10
 Bailey (visited)         Gauntlet (1/1)
   Lair: D:8-11

Altars:
Ashenzari
Cheibriados
Dithmenos
Elyvilon
Fedhas
Gozag
Hepliaklqana
Kikubaaqudgha
Makhleb
Nemelex Xobeh
Okawaru
Qazlal
Ru
Sif Muna
Trog
Uskayaw
Vehumet
Wu Jian
Xom
Yredelemnul
Zin
The Shining One

Annotations:
D:5 exclusion: statue
D:6 Menkaure Gauntlet 11 transporters, 21 runed translucent doors, exclusion: orange crystal statue


Innate Abilities, Weirdness & Mutations

You are too large for most types of armour.
You have claws for hands.
Your metabolism is lightning-fast.
You like to eat raw meat.
Your natural rate of healing is unusually fast.
You are covered in fur. (AC +1)
You have extremely tough skin. (AC +3)
Your flesh is heat resistant. (rF+)
You are very frail. (-20% HP)
You occasionally shout uncontrollably at your foes.


Message History

* * * LOW HITPOINT WARNING * * *
The death scarab drains your vigour!
You feel as though you will be slow longer.
The death scarab draws strength from your injuries!
Okay, then.
Press: ? - help, v - describe, . - travel
Here: a death scarab (lightly damaged)
The floor.
You fade into invisibility!
The death scarab misses you. The death scarab closely misses you.
The death scarab misses you.
You are very lightly contaminated with residual magic.
Okay, then.
It was a potion of mutation.
You feel extremely strange.
You feel the urge to shout.
You feel frail. x2; You feel resistant to heat.
The death scarab barely misses you.
It was a potion of might.
You feel very mighty all of a sudden.
You feel less exhausted. The death scarab bites you!
You die...

###§............≈∩≈......
#8#.......©.............©
###..###########...######
#..#.........#...#..≈≈.
###..#.s##.##..#.∩.#5≈..≈
#8#..#.#.Z#..#.#...#.≈.≈≈
###..#.#.©#..#.#...#≈.≈..
#..#.s#####..#...#35.≈©
###..#.#@.#..#.#...#5≈.≈≈
#8#..#.#..#..#.#...#5≈≈..
###..#..##.##..#...#.≈...
#..#..".©.?..#...#3.≈.©
###..###########...######
#8#.....#.©.#....≈....#.©
###...8.#...#...≈8≈...#..
#.....#.©.#..§.≈....#.©
###..###########...######


You could see a death scarab.

Vanquished Creatures
  Harold (D:8)
  Pikel (D:4)
  Joseph (D:8)
  Maurice (D:8)
  2 hippogriffs
  Grinder (D:5)
  A spectral black mamba (Gauntlet)
  Sigmund (D:3)
  A wraith (D:10)
  A vampire mosquito (D:10)
  2 hungry ghosts
  Edmund (D:5)
  A soldier ant (D:10)
  13 orc warriors
  5 ice beasts
  2 black bears
  A slave (D:4)
  3 ogres
  3 phantoms (D:10)
  2 sky beasts (D:10)
  11 centaurs
  3 big kobolds
  A crocodile (D:10)
  5 bullfrogs
  5 scorpions
  2 troll zombies (D:10)
  A wight (D:10)
  4 howler monkeys
  A centaur zombie (D:6)
  5 crimson imps
  A bullfrog zombie (D:8)
  3 hounds
  A quasit (D:7)
  9 orc priests
  Crazy Yiuf (D:4)
  A bullfrog skeleton (D:8)
  3 jellies
  11 orc wizards
  A centaur skeleton (D:6)
  5 iguanas
  6 worker ants
  6 ogre zombies (D:10)
  A hound zombie (D:9)
  A hound skeleton (D:8)
  3 gnolls (D:2)
  14 adders
  6 shadow imps
  3 oozes (D:1)
  2 adder skeletons
  5 worms
  2 dart slugs
  9 leopard geckos
  51 orcs
  4 ball pythons
  4 bats
  3 giant cockroaches
  6 goblins
  7 hobgoblins
  15 jackals
  2 quokkas
  6 frilled lizards
  A goblin skeleton (D:10)
  4 goblin zombies (D:10)
  A jackal skeleton (D:7)
  20 kobolds
  3 orc skeletons (D:10)
  17 orc zombies (D:10)
  2 quokka skeletons
  3 rats (D:2)
  A bush (D:4)
326 creatures vanquished.

Vanquished Creatures (others)
  A centaur (D:6)
  An adder (D:4)
2 creatures vanquished.

Grand Total: 328 creatures vanquished

Notes
Turn   | Place    | Note
-------+----------+-------------------------------------------
     0 | D:1      | Mesmaeker13 the Troll Monk began the quest for the Orb.
     0 | D:1      | Reached XP level 1. HP: 22/22 MP: 0/0
   266 | D:1      | Reached XP level 2. HP: 29/29 MP: 1/1
   342 | D:1      | Reached XP level 3. HP: 36/36 MP: 2/2
   857 | D:2      | Reached XP level 4. HP: 45/45 MP: 3/3
  1282 | D:2      | Noticed a moth of wrath
  1284 | D:2      | Found a bloodstained altar of Trog.
  1330 | D:2      | Reached skill level 4 in Unarmed Combat
  1615 | D:2      | Reached XP level 5. HP: 53/53 MP: 4/4
  1821 | D:3      | Found a shimmering altar of Xom.
  1824 | D:3      | Found a shimmering altar of Xom.
  1824 | D:3      | Found a shimmering altar of Xom.
  1824 | D:3      | Found a shimmering altar of Xom.
  1830 | D:3      | Found a shimmering altar of Xom.
  1833 | D:3      | Found a shimmering altar of Xom.
  2087 | D:4      | Found a snail-covered altar of Cheibriados.
  2119 | D:4      | Noticed a slave
  2141 | D:4      | Killed a slave
  2358 | D:4      | Noticed Pikel
  2358 | D:4      | Noticed a slave
  2359 | D:4      | Noticed a slave
  2359 | D:4      | Paralysed by Pikel for 7 turns
  2360 | D:4      | Noticed a slave
  2370 | D:4      | Paralysed by Pikel for 4 turns
  2385 | D:4      | Killed Pikel
  2385 | D:4      | Reached skill level 5 in Unarmed Combat
  2385 | D:4      | Reached XP level 6. HP: 56/63 MP: 5/5
  2385 | D:4      | Reached XP level 7. HP: 64/71 MP: 6/6
  2741 | D:4      | Found a runed translucent door.
  2742 | D:4      | Noticed Crazy Yiuf
  3086 | D:4      | Killed Crazy Yiuf
  3175 | D:3      | Reached skill level 1 in Evocations
  3407 | D:3      | Found a blossoming altar of Fedhas.
  3516 | D:3      | Noticed Sigmund
  3525 | D:3      | Killed Sigmund
  3525 | D:3      | Reached skill level 5 in Fighting
  3525 | D:3      | Reached skill level 5 in Dodging
  3525 | D:3      | Reached skill level 6 in Unarmed Combat
  3525 | D:3      | Reached XP level 8. HP: 52/80 MP: 6/8
  3547 | D:3      | Found a shattered altar of Ashenzari.
  3547 | D:3      | Found a burning altar of Makhleb.
  3667 | D:3      | Found a hazy altar of Hepliaklqana.
  3962 | D:5      | Entered Level 5 of the Dungeon
  3972 | D:5      | Noticed Edmund
  4323 | D:5      | Killed Edmund
  4458 | D:5      | Noticed Grinder
  4486 | D:5      | Paralysed by Grinder for 6 turns
  4496 | D:5      | Killed Grinder
  4942 | D:5      | Reached skill level 7 in Unarmed Combat
  4955 | D:5      | Reached XP level 9. HP: 65/89 MP: 10/10
  5176 | D:5      | Found a radiant altar of Vehumet.
  5532 | D:6      | Found a hazy altar of Hepliaklqana.
  5609 | D:6      | Noticed Menkaure
  6106 | D:7      | Found an iron altar of Okawaru.
  6141 | D:7      | Found an ancient bone altar of Kikubaaqudgha.
  6192 | D:7      | Got a jewelled long sword
  6419 | D:7      | Reached skill level 1 in Throwing
  6439 | D:7      | Identified the +2 long sword "Seceepus" {flame, rPois} (You
                  | found it on level 7 of the Dungeon)
  6748 | D:6      | Found a staircase to the Ecumenical Temple.
  6762 | Temple   | Entered the Ecumenical Temple
  6872 | Temple   | Became a worshipper of the Wu Jian Council
  6872 | Temple   | Reached * piety under Wu Jian
  6872 | Temple   | Reached ** piety under Wu Jian
  7074 | D:8      | Noticed Joseph
  7095 | D:8      | Killed Joseph
  7446 | D:8      | Noticed Maurice
  7456 | D:8      | Killed Maurice
  7456 | D:8      | Reached skill level 8 in Unarmed Combat
  7463 | D:8      | Reached XP level 10. HP: 88/100 MP: 12/12
  7574 | D:8      | Found a white marble altar of Elyvilon.
  7624 | D:8      | Noticed Harold
  7715 | D:8      | Killed Harold
  8129 | D:8      | Found a hide-covered altar of Uskayaw.
  8333 | D:9      | Found a flagged portal.
  8378 | Bailey   | Entered a bailey
  8694 | Bailey   | Reached *** piety under Wu Jian
  9590 | Bailey   | Reached skill level 5 in Evocations
 10433 | D:9      | Found an opulent altar of Gozag.
 10445 | D:9      | Reached skill level 9 in Unarmed Combat
 10554 | D:10     | Entered Level 10 of the Dungeon
 10700 | D:10     | Reached XP level 11. HP: 107/109 MP: 13/13
 10771 | D:10     | Reached **** piety under Wu Jian
 10893 | D:10     | Found a staircase to the Orcish Mines.
 11180 | D:10     | Reached skill level 5 in Throwing
 11501 | D:10     | Reached ***** piety under Wu Jian
 11561 | D:11     | Found a gate leading to a gauntlet.
 11572 | Gauntlet | Entered a Gauntlet
 11572 | Gauntlet | Found a transporter.
 11572 | Gauntlet | Found a transporter.
 11572 | Gauntlet | Found a transporter.
 11572 | Gauntlet | Noticed a death scarab
 11573 | Gauntlet | Found a transporter.
 11576 | Gauntlet | Found a transporter.
 11576 | Gauntlet | Found a transporter.
 11578 | Gauntlet | Found a large runed translucent door.
 11579 | Gauntlet | Found a large runed translucent door.
 11580 | Gauntlet | Found a large runed translucent door.
 11580 | Gauntlet | Found a large runed translucent door.
 11580 | Gauntlet | Found a runed translucent door.
 11580 | Gauntlet | Found a runed translucent door.
 11581 | Gauntlet | Found a large runed translucent door.
 11581 | Gauntlet | Found a large runed translucent door.
 11581 | Gauntlet | Found a large runed translucent door.
 11581 | Gauntlet | Found a large runed translucent door.
 11582 | Gauntlet | Found a large runed translucent door.
 11582 | Gauntlet | Found a large runed translucent door.
 11583 | Gauntlet | Found a large runed translucent door.
 11583 | Gauntlet | Found a large runed translucent door.
 11584 | Gauntlet | Found a runed translucent gate.
 11584 | Gauntlet | Found a runed translucent gate.
 11584 | Gauntlet | Found a runed translucent gate.
 11585 | Gauntlet | Noticed a death yak
 11586 | Gauntlet | Found a transporter.
 11586 | Gauntlet | Noticed a death yak
 11586 | Gauntlet | Noticed a death yak
 11589 | Gauntlet | Noticed a death yak
 11589 | Gauntlet | Noticed a death yak
 11590 | Gauntlet | Found a transporter.
 11600 | Gauntlet | Found a transporter.
 11604 | Gauntlet | Noticed a queen ant
 11605 | Gauntlet | Noticed an eight-headed hydra
 11605 | Gauntlet | a queen ant changed into an eight-headed hydra
 11607 | Gauntlet | Noticed an ice dragon
 11607 | Gauntlet | an eight-headed hydra changed into an ice dragon
 11611 | Gauntlet | Noticed a queen ant
 11611 | Gauntlet | an ice dragon changed into a queen ant
 11632 | Gauntlet | Found a large runed translucent door.
 11632 | Gauntlet | Found a large runed translucent door.
 11635 | Gauntlet | Found a large runed translucent door.
 11635 | Gauntlet | Found a large runed translucent door.
 11705 | Gauntlet | Found a transporter.
 11707 | Gauntlet | Found a transporter.
 11707 | Gauntlet | Noticed an orange crystal statue
 11711 | Gauntlet | Noticed a shard shrike
 11717 | Gauntlet | Found a transporter.
 11722 | Gauntlet | Noticed a caustic shrike
 11722 | Gauntlet | a shard shrike changed into a caustic shrike
 11726 | Gauntlet | Noticed an iron dragon
 11726 | Gauntlet | a caustic shrike changed into an iron dragon
 11727 | Gauntlet | Noticed a shadow dragon
 11727 | Gauntlet | an iron dragon changed into a shadow dragon
 11735 | Gauntlet | Noticed a sphinx
 11735 | Gauntlet | a shadow dragon changed into a sphinx
 11746 | Gauntlet | Noticed a dire elephant
 11758 | Gauntlet | Noticed an emperor scorpion
 11758 | Gauntlet | a dire elephant changed into an emperor scorpion
 11761 | Gauntlet | Noticed a five-headed hydra
 11761 | Gauntlet | an emperor scorpion changed into a five-headed hydra
 11762 | Gauntlet | Noticed an emperor scorpion
 11762 | Gauntlet | a five-headed hydra changed into an emperor scorpion
 11763 | Gauntlet | an emperor scorpion changed into something unseen
 11795 | Gauntlet | Noticed an emperor scorpion
 11795 | Gauntlet | Noticed a queen ant
 11795 | Gauntlet | an emperor scorpion changed into a queen ant
 11801 | Gauntlet | Noticed an iron troll
 11801 | Gauntlet | a queen ant changed into an iron troll
 11847 | Gauntlet | Gained mutation: You occasionally shout uncontrollably at
                  | your foes. [potion of mutation]
 11847 | Gauntlet | Gained mutation: You are frail. (-10% HP) [potion of
                  | mutation]
 11847 | Gauntlet | Gained mutation: You are very frail. (-20% HP) [potion of
                  | mutation]
 11847 | Gauntlet | Gained mutation: Your flesh is heat resistant. (rF+)
                  | [potion of mutation]
 11848 | Gauntlet | Slain by a death scarab

Levels and vault maps discovered:
D:1:      roderic_chinese_lattice_arrival, layout_basic, minmay_tetromino_o4
D:2:      layout_basic, tgw_trog
D:3:      layout_basic, fedhas_ov_isle_minmay, xom_redecorated,
          lemuel_crystal_altar, gammafunk_temple_overflow_wave, uniq_sigmund
D:4:      layout_loops_ring, kennysheep_slug_shrine, lexackson_kobold_supper,
          uniq_pikel, uniq_crazy_yiuf_cottage
D:5:      layout_basic, vehumet_statue, first_ration, minmay_manual_mares,
          uniq_edmund, uniq_grinder
D:6:      layout_cave_pools, minmay_temple_entry_mini_moons, basic_altar,
          uniq_menkaure
D:7:      layout_loops_ring, okawaru_ov_weapons_minmay, lemuel_crystal_altar,
          grunt_ogre_cave
D:8:      layout_basic, elyvilon_altar_1, old_standard_altar, uniq_joseph,
          uniq_maurice, uniq_harold
D:9:      layout_cross, grunt_gozag_breadcrumbs, enter_bailey_3,
          serial_column_ruins, column_ruins_circle_large, column_ruins_grid_1,
          column_ruins_grid_3, column_ruins_open_tiny, column_ruins_grid_1,
          column_ruins_open_medium, column_ruins_open_tiny,
          hangedman_decor_clover_reticule
D:10:     layout_long_grid, zombieorc2_lemuel, minmay_bent
D:11:     layout_basic, grunt_lair_entry_orc_guard_hut, gauntlet_entry_generic,
          uniq_snorg
Temple:   nicolae_temple_figure_zero
Gauntlet: gammafunk_gauntlet_hard_choice [nicolae_gauntlet_arena_quarters,
          nicolae_gauntlet_arena_flowing_pool, nicolae_gauntlet_arena_blocks,
          minmay_gauntlet_arena_make_your_own_arena,
          nicolae_gauntlet_arena_t_cross, nicolae_gauntlet_arena_x,
          gauntlet_exit_hidden_loot]

Skill      XL: |  1  2  3  4  5  6  7  8  9 10 11 |
---------------+----------------------------------+-----
Dodging        | 3 4 5 6 7 |  7.8
Fighting       | 3 4 5 6 7 |  7.8
Unarmed Combat | 4 5 6 7 8 9 |  9.3
Evocations     | 1 3 4 5 |  5.5
Throwing       | 2 4 5 |  5.1
Stealth        | |  1.0

Action                   |  1- 3 |  4- 6 |  7- 9 | 10-12 || total
-------------------------+-------+-------+-------+-------++-------
Melee: Unarmed           |    72 |   127 |   374 |   482 ||  1055
       Punch             |       |     3 |    13 |    23 ||    39
Throw: Dart              |       |     6 |     1 |     1 ||     8
Invok: Lunge             |       |       |     3 |    43 ||    46
       Whirlwind         |       |       |     1 |    17 ||    18
       Serpent's Lash    |       |       |       |     3 ||     3
Evoke: Wand              |       |       |     3 |     9 ||    12
  Use: Scroll            |     3 |     1 |     3 |     5 ||    12
       Potion            |       |       |       |    12 ||    12
 Stab: Sleeping          |     2 |     2 |     4 |       ||     8
  Eat: Chunk             |    11 |    15 |    49 |    39 ||   114
Armor: Robe              |    19 |    28 |    70 |    84 ||   201
Dodge: Dodged            |    47 |    55 |   163 |   251 ||   516
Block: Other             |       |    15 |    84 |   116 ||   215
       Reflection        |       |     1 |     3 |       ||     4
